 Dungeon Crawl Stone Soup version 0.30-a0-760-g5a9884bb7c (webtiles) character file.

Game seed: 3819645194797198514

494 kae the Digger (level 7, 0/36 HPs)
             Began as a Gargoyle Earth Elementalist on Feb 10, 2023.
             Slain by an orc
             ... wielding a +0 mace
              (6 damage)
             ... on level 4 of the Dungeon.
             The game lasted 00:03:18 (3309 turns).

kae the Digger (Gargoyle Earth Elementalist)        Turns: 3309, Time: 00:03:18

Health: 0/36       AC:  7    Str: 11    XL:     7   Next: 15%
Magic:  6/13       EV: 11    Int: 18    God:
Gold:   183        SH:  0    Dex: 10    Spells: 8/14 levels left

rFire   + . .      SeeInvis .    c - +0 short sword
rCold   + . .      Faith    .    (no shield)
rNeg    + . .      Spirit   .    a - +1 robe
rPois   ∞          Reflect  .    (no helmet)
rElec   +          Harm     .    (no cloak)
rCorr   .          Rampage  .    (no gloves)
Will    .....                    (no boots)
Stlth   ++                       (no amulet)
HPRegen 0.26/turn                C - ring of protection from cold
MPRegen 0.13/turn                F - ring of protection from fire

@: no status effects
A: sickness immunity, AC +4, negative energy resistance 1, electricity
resistance, torment resistance 1, petrification resistance
a: no special abilities


You were on level 4 of the Dungeon.
You visited 1 branch of the dungeon, and saw 4 of its levels.

You collected 183 gold pieces.


Innate Abilities, Weirdness & Mutations

You are immune to sickness and miasma.
Your stone body is resilient. (AC +4)
You are immune to poison.
You resist negative energy. (rN+)
You are resistant to electric shocks. (rElec)
You are resistant to unholy torment.
You are immune to petrification.


   Skills:
 - Level 1.5 Dodging
 - Level 2.1 Stealth
 + Level 4.0 Spellcasting
 * Level 4.9 Conjurations
 - Level 0.7 Transmutations
 + Level 5.9 Earth Magic


You had 8 spell levels left.
You knew the following spells:

 Your Spells              Type           Power      Damage    Failure   Level
a - Sandblast             Erth           48%        2d12      1%          1
b - Stone Arrow           Conj/Erth      46%        3d9       4%          3
c - Passwall              Tmut/Erth      12%        N/A       5%          2

Your spell library contained the following spells:

 Spells                   Type           Power      Damage    Failure   Level
 Petrify                  Tmut/Erth      15%        N/A       36%         4
 Inner Flame              Hex/Fire       3%         N/A       41%         3
 Flame Wave               Conj/Fire      12%        2d6       45%         4
 Sticky Flame             Conj/Fire      12%        2d4       45%         4
 Manifold Assault         Tloc           3%         N/A       82%         4
 Dispersal                Tloc           1%         N/A       100%        6
 Disjunction              Tloc           1%         N/A       100%        8

Inventory:

Hand Weapons
 c - a +0 short sword (weapon)
   (You took it off a kobold on level 1 of the Dungeon)
Missiles
 d - 30 stones
 f - 8 poisoned darts
 m - 3 javelins
 o - 3 datura-tipped darts
Armour
 a - a +1 robe (worn)
Jewellery
 C - a ring of protection from cold (left hand)
   (You found it on level 1 of the Dungeon)
 F - a ring of protection from fire (right hand)
   (You found it on level 4 of the Dungeon)
 T - an amulet of faith {!P}
   (You found it on level 2 of the Dungeon)
Scrolls
 h - a scroll of magic mapping {!r}
 k - a scroll of enchant weapon {unknown}
Potions
 b - a potion of magic
 e - 2 potions of lignification {unknown}
 g - 2 potions of flight {unknown}
 i - a potion of curing {@q1}
 j - a potion of attraction {!q}
 n - a potion of cancellation {unknown}

Dungeon Overview and Level Annotations

Branches:
Dungeon (4/15) Zot: 20631
 Temple: D:4-7

Altars:
Kikubaaqudgha
Qazlal
Sif Muna
Zin

Shops:
D:1 ( D:4

*
....##.................
....######.............
##### ##.##.........
#.##........
#.........##
####.###### #.#########
#.#.)...... #.'@)......
###.o...... ###......
...##. ..# ..# .# ##


You could see an orc.


Message History

The orc priest shouts!
You hear a shout!
An orc priest is nearby!
An orc priest is nearby!
An adder and an orc come into view.
An orc comes into view. It is wielding a +0 mace.
The orc moves out of view.
There is an open door here.
The orc shouts!
The orc priest mumbles some strange prayers to Beogh against you.
Beogh smites you! 😮 HP[-11]
You take 11 damage, and now have 25/36 hp.
MASSIVE DAMAGE!! (PAUSE)
Casting: Sandblast (safe; 1% risk of failure)
Confirm with . or Enter, or press ? or * to list all spells.
Aiming: Sandblast (safe; 1% risk of failure)
Press: ? - help, Shift-Dir - straight line, f - adder
Aim: an adder (72% to hit)
The blast of sand hits the adder. 😮 MP[-1]
You lost 1 mp, and now have 12/13 mp.
Casting: Sandblast (safe; 1% risk of failure)
Confirm with . or Enter, or press ? or * to list all spells.
Aiming: Sandblast (safe; 1% risk of failure)
Press: ? - help, Shift-Dir - straight line, f/p - adder
Aim: an adder (heavily wounded, 72% to hit)
The blast of sand misses the adder.
The adder closely misses you. The adder bites you.
The orc priest hits you with a +0 whip. 😮 HP[-5] MP[-1]
You take 5 damage, and now have 20/36 hp.
You lost 1 mp, and now have 11/13 mp.
Casting: Sandblast (safe; 1% risk of failure)
Confirm with . or Enter, or press ? or * to list all spells.
Aiming: Sandblast (safe; 1% risk of failure)
Press: ? - help, Shift-Dir - straight line, f/p - adder
Aim: an adder (heavily wounded, 72% to hit)
The blast of sand hits the adder!
You kill the adder!
The orc priest hits you but does no damage. 😮 HP[+1] MP[-1]
You lost 1 mp, and now have 10/13 mp.
Casting: Sandblast (safe; 1% risk of failure)
Confirm with . or Enter, or press ? or * to list all spells.
Aiming: Sandblast (safe; 1% risk of failure)
Press: ? - help, Shift-Dir - straight line, f - orc priest
Aim: an orc priest, wielding a +0 whip and wearing a +0 chain mail (87% to hit)
The blast of sand hits the orc priest!
The orc priest hits you with a +0 whip.
* * * LOW HITPOINT WARNING * * *
The orc priest hits you but does no damage. 😨 HP[-3] MP[-1]
You take 3 damage, and now have 18/36 hp.
You lost 1 mp, and now have 9/13 mp.
Unknown command.
Casting: Sandblast (safe; 1% risk of failure)
Confirm with . or Enter, or press ? or * to list all spells.
Aiming: Sandblast (safe; 1% risk of failure)
Press: ? - help, Shift-Dir - straight line, f/p - orc priest
Aim: an orc priest, wielding a +0 whip and wearing a +0 chain mail (heavily wounded, 87% to hit)
The blast of sand hits the orc priest.
The orc priest hits you with a +0 whip.
* * * LOW HITPOINT WARNING * * *
The orc hits you with a +0 dagger.
* * * LOW HITPOINT WARNING * * *
The orc closely misses you. 😨 HP[-2]
You take 2 damage, and now have 16/36 hp.
Casting: Sandblast (safe; 1% risk of failure)
Confirm with . or Enter, or press ? or * to list all spells.
Aiming: Sandblast (safe; 1% risk of failure)
Press: ? - help, Shift-Dir - straight line, f/p - orc priest
Aim: an orc priest, wielding a +0 whip and wearing a +0 chain mail (severely wounded, 87% to hit)
The blast of sand hits the orc priest but does no damage.
The orc priest casts a cantrip, but nothing happens.
The orc barely misses you. x2; The orc priest hits you with a +0 whip.
* * * LOW HITPOINT WARNING * * *
The orc hits you with a +0 mace.
* * * LOW HITPOINT WARNING * * *
The orc closely misses you. 😱 HP[-11] MP[-1]
You take 11 damage, and now have 5/36 hp.
MASSIVE DAMAGE!! (PAUSE)
You lost 1 mp, and now have 8/13 mp.
Casting: Sandblast (safe; 1% risk of failure)
Confirm with . or Enter, or press ? or * to list all spells.
Aiming: Sandblast (safe; 1% risk of failure)
Press: ? - help, Shift-Dir - straight line, f/p - orc priest
Aim: an orc priest, wielding a +0 whip and wearing a +0 chain mail (severely wounded, 87% to hit)
The blast of sand hits the orc priest!
You kill the orc priest!
The orc closely misses you. x2 😱 MP[-1]
You lost 1 mp, and now have 7/13 mp.
Casting: Sandblast (safe; 1% risk of failure)
Confirm with . or Enter, or press ? or * to list all spells.
Aiming: Sandblast (safe; 1% risk of failure)
Press: ? - help, Shift-Dir - straight line, f - orc
Aim: an orc, wielding a +0 dagger and wearing a +0 ring mail (85% to hit)
The blast of sand hits the orc!
You kill the orc!
The orc hits you but does no damage. The orc hits you with a +0 mace.
You die...

Skill      XL: |  1  2  3  4  5  6  7 |
---------------+----------------------+-----
Earth Magic    | 4 5 |  5.9
Conjurations   | 1 2 4 |  4.9
Spellcasting   | 3 4 |  4.0
Dodging        | |  1.5
Stealth        | |  2.1
Transmutations | |  0.7

Action                     |  1- 3 |  4- 6 |  7- 9 || total
---------------------------+-------+-------+-------++-------
  Melee: Short sword       |    10 |     2 |       ||    12
   Cast: Sandblast         |    47 |    61 |    14 ||   122
    Use: Scroll            |     6 |     3 |       ||     9
 Armour: Robe              |    12 |    15 |     3 ||    30
  Dodge: Dodged            |    11 |    27 |    11 ||    49

Levels and vault maps discovered:
D:1:      nicolae_arrival_somewhat_less_tricky_arrival, layout_loops_cross,
          serial_shops, shop, minmay_domino_2
D:2:      layout_loops_ring
D:3:      layout_loops_ring, nicolae_qazlal_scattered_showers,
          mainiacjoe_overflow_brackets, nicolae_sif_muna_little_library,
          dilly_ecumenical_altar_fadedgnrine, uniq_grinder
D:4:      layout_basic, old_standard_altar, ashenzari_conservatory_becter,
          zin_purify, minmay_lizard_king

Notes
Turn   | Place    | Note
-------+----------+-------------------------------------------
     0 | D:1      | kae the Gargoyle Earth Elementalist began the quest for the
                  | Orb.
     0 | D:1      | Reached XP level 1. HP: 10/10 MP: 3/3
     0 | D:1      | magus.rc [v1.11.3]
   112 | D:1      | Reached skill level 4 in Earth Magic
   112 | D:1      | Reached XP level 2. HP: 15/15 MP: 3/5
   193 | D:1      | You pick up a book of the Warp and begin reading...
   193 | D:1      | You add the spells Manifold Assault, Dispersal and
                  | Disjunction to your library.
   297 | D:1      | Found Dog Toq's Weapon Shoppe.
   601 | D:1      | Reached XP level 3. HP: 18/19 MP: 1/6
   605 | D:1      | Learned a level 3 spell: Stone Arrow
   608 | D:1      | Learned a level 2 spell: Passwall
  1246 | D:2      | Reached skill level 1 in Conjurations
  1382 | D:2      | Reached XP level 4. HP: 24/24 MP: 5/8
  1527 | D:2      | Reached skill level 3 in Spellcasting
  1527 | D:2      | Reached skill level 2 in Conjurations
  1981 | D:3      | Found a stormy altar of Qazlal.
  2060 | D:3      | Reached XP level 5. HP: 28/28 MP: 5/9
  2062 | D:3      | Reached skill level 5 in Earth Magic
  2285 | D:3      | Found an ancient bone altar of Kikubaaqudgha.
  2444 | D:3      | Reached skill level 3 in Conjurations
  2630 | D:3      | Noticed Grinder
  2635 | D:3      | Killed Grinder
  2636 | D:3      | Reached skill level 4 in Conjurations
  2636 | D:3      | Reached XP level 6. HP: 28/32 MP: 5/11
  2806 | D:3      | Found a shimmering blue altar of Sif Muna.
  2892 | D:3      | Found a faded altar of an unknown god.
  2948 | D:4      | Found Zin's Purification Station.
  2949 | D:4      | Found a glowing silver altar of Zin.
  3063 | D:4      | You pick up a book of Flames and begin reading...
  3063 | D:4      | You add the spells Inner Flame, Sticky Flame and Flame Wave
                  | to your library.
  3190 | D:4      | Reached XP level 7. HP: 36/36 MP: 7/12
  3251 | D:4      | Reached skill level 4 in Spellcasting
  3307 | D:4      | HP: 5/36 [orc/+0 mace (6)]
  3309 | D:4      | Slain by an orc

Vanquished Creatures
  Grinder (D:3)
  A scorpion (D:4)
  A hound (D:2)
  2 orc priests
  An orc wizard (D:3)
  4 adders
  5 dart slugs
  7 orcs
  4 endoplasms
  6 giant cockroaches
  7 goblins
  8 hobgoblins
  8 kobolds
  3 quokkas (D:2)
  7 ball pythons
  4 bats
  5 frilled lizards
  3 rats
77 creatures vanquished.

Vanquished Creatures (others)
  11 plants (D:3)
11 creatures vanquished.

Grand Total: 88 creatures vanquished

Table legend:
 A = Non-vault XP
 B = Vault XP
 C = Vault XP percentage of total XP
 D = Non-vault monster count
 E = Vault monster count
 F = Vault count percentage of total count
                 A         B        C        D         E       F
            +---------+---------+-------+---------+---------+-------
      Total |     427 |     282 |  39.8 |      74 |       3 |   3.9
            +---------+---------+-------+---------+---------+-------
        D:1 |      44 |       5 |  10.2 |      23 |       2 |   8.0
        D:2 |      84 |       0 |   0.0 |      19 |       0 |   0.0
        D:3 |     149 |     277 |  65.0 |      24 |       1 |   4.0
        D:4 |     150 |       0 |   0.0 |       8 |       0 |   0.0
            +---------+---------+-------+---------+---------+-------

Illustrated notes

Table legend:
 A = Kills in this place as a percentage of kills in entire the game.
 B = Kills by you in this place as a percentage of kills by you in the entire game.
 C = Kills by friends in this place as a percentage of kills by friends in the entire game.
 D = Other kills in this place as a percentage of other kills in the entire game.
 E = Experience gained in this place as a percentage of experience gained in the entire game.
 F = Experience gained in this place divided by the number of levels of this place that you have seen.
                   A       B       C       D       E      F
               +-------+-------+-------+-------+-------+----------------------
         Total | 100.0 | 100.0 |   N/A |   N/A | 100.0 | 177.2
       Dungeon | 100.0 | 100.0 |   N/A |   N/A | 100.0 | 177.2
               +-------+-------+-------+-------+-------+----------------------

Table legend: (Time is in decaauts)
 A = Elapsed time spent in this place.
 B = Non-inter-level travel time spent in this place.
 C = Inter-level travel time spent in this place.
 D = Time resting spent in this place.
 E = Time spent auto-exploring this place.
 F = Levels seen in this place.
 G = Mean time per level.
                   A        B        C        D        E       F      G
               +--------+--------+--------+--------+--------+-----+--------+
         Total |   3367 |   3300 |     67 |      0 |   2876 |   4 |  841.8 |
       Dungeon |   3367 |   3300 |     67 |      0 |   2876 |   4 |  841.8 |
               +--------+--------+--------+--------+--------+-----+--------+

Top non-repeatable levels by time:
     D:3: 1134 daAuts
     D:1: 956 daAuts
     D:2: 901 daAuts
     D:4: 374 daAuts
